 Dungeon Crawl Stone Soup version 0.22.0-18-ge075c0de6d (webtiles) character file.

1024720 hofbold the Slayer (level 27, -4/171 HPs)
             Began as a Gargoyle Fighter on Aug 19, 2018.
             Was the Champion of the Shining One.
             Killed from afar by a Brimstone Fiend (28 damage)
             ... with damnation
             ... in Pandemonium.
             The game lasted 07:00:14 (90474 turns).

hofbold the Slayer (Gargoyle Fighter)              Turns: 90474, Time: 07:00:14

Health: -4/171     AC: 69    Str: 33    XL:     27
Magic:  0/35       EV:  6    Int:  8    God:    the Shining One [******]
Gold:   4233       SH: 33    Dex: 14    Spells: 21/61 levels left

rFire    + + +     SeeInvis .   b - +9 eveningstar (holy)
rCold    + + .     Gourm    .   r - +8 large shield {AC+3}
rNeg     + + +     Faith    .   y - +9 gold dragon scales
rPois    ∞         Spirit   +   M - +1 helmet of Pleasant Breezes {Slay+2}
rElec    +         Reflect  .   O - scarf {Spirit}
rCorr    .         Harm     .   z - +5 pair of gloves of the Amoeba {Dex+2}
MR       ++++.                  w - +2 pair of boots of the Assassin {Detection Stab+ Stlth++}
Stlth    +.........             s - amulet "Gauwesm" {+Rage rN+ MR+}
HPRegen  0.38/turn              h - ring of Qoenid {rF+ rN+ MR+ Slay+2 Stlth-}
MPRegen  0.24/turn              k - ring of Xom's Wantonness {rF+ rC+ Str+4 Stlth+}

@: flying, very slightly contaminated, glowing
A: big wings, hooves 1, rugged brown scales 1, agile 1, dopey 1, fire resistance
1, frail 1, low mp 2, negative energy resistance 1, screaming 1, electricity
resistance, weak 1, unbreathing, petrification resistance, rot immunity, AC +20
}: 9/15 runes: barnacled, slimy, silver, abyssal, demonic, glowing, magical,
fiery, gossamer
a: Stop Flying, Divine Shield, Cleansing Flame, Summon Divine Warrior, Brand
Weapon With Holy Wrath, Renounce Religion, Evoke Berserk Rage


You were in Pandemonium.
You worshipped the Shining One.
The Shining One was exalted by your worship.
You were not hungry.

You visited 13 branches of the dungeon, and saw 58 of its levels.
You visited Pandemonium 2 times, and saw 15 of its levels.
You visited the Abyss 1 time.
You also visited: Ice Cave and Wizlab.

You collected 11857 gold pieces.
You spent 7624 gold pieces at shops.

Inventory:

Hand Weapons
 a - the +18 lance "Wyrmbane" {slay drac, rPois rF+ rC+ AC+3}
   (You found it on level 3 of the Elven Halls)

   It affects your AC (+3).
   It protects you from fire.
   It protects you from cold.
   It protects you from poison.
 b - a +9 eveningstar of holy wrath (weapon)
Missiles
 t - 4 javelins of penetration (quivered)
 u - 6 poisoned javelins
 H - 8 silver javelins
 K - 5 silver tomahawks
 T - 7 throwing nets
Armour
 r - a +8 large shield of protection (worn)
 w - the +2 pair of boots of the Assassin (worn) {Detection Stab+ Stlth++}
   (You found it on level 3 of the Spider Nest)

   It makes you much more stealthy.
 y - +9 gold dragon scales (worn)
 z - the +5 pair of gloves of the Amoeba (worn) {Dex+2}
   (You acquired it on level 2 of the Depths)

   It affects your dexterity (+2).
 M - the +1 helmet of Pleasant Breezes (worn) {Slay+2}
   (You found it on level 2 of the Depths)

   It affects your accuracy and damage with ranged weapons and melee attacks
   (+2).
 O - a scarf of spirit shield (worn)
Jewellery
 h - the ring of Qoenid (left hand) {rF+ rN+ MR+ Slay+2 Stlth-}
   (You found it in Pandemonium)

   [ring of positive energy]

   It affects your accuracy and damage with ranged weapons and melee attacks
   (+2).
   It protects you from fire.
   It protects you from negative energy.
   It affects your resistance to hostile enchantments.
   It makes you less stealthy.
 k - the ring of Xom's Wantonness (right hand) {rF+ rC+ Str+4 Stlth+}
   (You found it on level 14 of the Dungeon)

   [ring of protection from cold]

   It affects your strength (+4).
   It protects you from fire.
   It protects you from cold.
   It makes you more stealthy.
 s - the amulet "Gauwesm" (around neck) {+Rage rN+ MR+}
   (You found it on level 3 of the Vaults)

   [amulet of rage]

   It protects you from negative energy.
   It affects your resistance to hostile enchantments.
   It lets you go berserk.
 C - a +4 amulet of reflection
 L - the amulet of the Countless Beggars {Spirit +Inv Str+4}
   (You found it in Pandemonium)

   [amulet of guardian spirit]

   It causes incoming damage to be split between your health and magic.
   It affects your strength (+4).
   It lets you turn invisible.
Wands
 e - a wand of iceblast (46)
 A - a wand of acid (82)
 B - a wand of scattershot (3)
 R - a wand of enslavement (103)
 U - a wand of paralysis (122)
 Y - a wand of digging (63)
 Z - a wand of disintegration (23)
Scrolls
 g - 4 scrolls of brand weapon
 o - 29 scrolls of teleportation
 q - 3 scrolls of blinking
 v - 10 scrolls of magic mapping
 x - 40 scrolls of remove curse
 G - 6 scrolls of fear
 I - 2 scrolls of amnesia
 V - 2 scrolls of silence
 W - a scroll of identify
Potions
 c - a potion of magic
 d - 8 potions of might
 i - 4 potions of ambrosia
 j - 14 potions of lignification
 l - 14 potions of haste
 m - 34 potions of curing
 n - 10 potions of cancellation
 p - 11 potions of brilliance
 D - 6 potions of invisibility
 F - 4 potions of heal wounds
 P - 8 potions of agility
 S - 2 potions of berserk rage
 X - 5 potions of resistance
Miscellaneous
 E - 3 phantom mirrors
 J - a phial of floods
 N - a lamp of fire
Comestibles
 f - 93 rations


   Skills:
 + Level 22.1 Fighting
 + Level 18.8 Maces & Flails
 + Level 16.9 Polearms
 + Level 16.0 Throwing
 + Level 19.2 Armour
 + Level 20.1 Stealth
 + Level 19.9 Shields
 + Level 17.8 Spellcasting
 + Level 17.4 Conjurations
 + Level 20.4 Fire Magic
 + Level 10.9 Earth Magic
 + Level 19.1 Invocations
 + Level 16.0 Evocations


You had 21 spell levels left.
You knew the following spells:

 Your Spells              Type           Power        Failure   Level  Hunger
a - Searing Ray           Conj           #####.       1%          2    None
b - Bolt of Fire          Conj/Fire      #####.....   8%          6    ######.
c - Conjure Flame         Conj/Fire      #####...     1%          3    #......
f - Fireball              Conj/Fire      #####.....   1%          5    #####..
i - Ignition              Fire           #####.....   88%         8    #######
r - Throw Flame           Conj/Fire      #####.       1%          2    None
s - Shatter               Erth           ###.......   100%        9    #######
t - Flame Tongue          Conj/Fire      #####        1%          1    None
S - Sticky Flame          Conj/Fire      #####...     1%          4    ###....

Your spell library contained the following spells:

 Spells                   Type           Power        Failure   Level  Hunger
 Magic Dart               Conj           ####         1%          1    None
 Sandblast                Erth           ###...       1%          1    None
 Stone Arrow              Conj/Erth      ####..       1%          3    #......
 Iskenderun's Mystic Bla  Conj           #####...     1%          4    ###....
 Shock                    Conj/Air       ###.         3%          1    None
 Sting                    Conj/Pois      ###.         3%          1    None
 Throw Frost              Conj/Ice       ###...       4%          2    None
 Bolt of Magma            Conj/Fire/Erth ####......   4%          5    #####..
 Inner Flame              Hex/Fire       ###.....     5%          3    #......
 Dazzling Spray           Conj/Hex       ###...       10%         3    #......
 Static Discharge         Conj/Air       ###.....     10%         3    #......
 Passwall                 Tmut/Erth      ###.....     19%         2    None
 Ignite Poison            Fire/Tmut/Pois ###.....     22%         3    #......
 Mephitic Cloud           Conj/Pois/Air  ###.....     32%         3    #......
 Force Lance              Conj/Tloc      ###.....     32%         4    ###....
 Fulminant Prism          Conj/Hex       ###.......   32%         4    ###....
 Lee's Rapid Deconstruct  Erth           ###.......   36%         5    #####..
 Iron Shot                Conj/Erth      ####......   47%         6    ######.
 Orb of Destruction       Conj           #####.....   61%         7    #######
 Bolt of Draining         Conj/Necr      ###.......   67%         5    #####..
 Irradiate                Conj/Tmut      ###.......   67%         5    #####..
 Iskenderun's Battlesphe  Conj/Chrm      ###.....     67%         5    #####..
 Lightning Bolt           Conj/Air       ###.......   67%         5    #####..
 Venom Bolt               Conj/Pois      ###.......   67%         5    #####..
 Animate Skeleton         Necr           N/A          77%         1    None
 Apportation              Tloc           #.....       77%         1    None
 Beastly Appendage        Tmut           #.....       77%         1    None
 Confusing Touch          Hex            #.....       77%         1    None
 Corona                   Hex            #......      77%         1    None
 Infusion                 Chrm           #...         77%         1    None
 Summon Butterflies       Summ           #.......     77%         1    None
 Summon Small Mammal      Summ           #...         77%         1    None
 Leda's Liquefaction      Hex/Erth       ###.......   77%         4    ###....
 Petrify                  Tmut/Erth      ###.....     77%         4    ###....
 Blink                    Tloc           N/A          88%         2    None
 Call Imp                 Summ           #.......     88%         2    None
 Corpse Rot               Necr           N/A          88%         2    None
 Ensorcelled Hibernation  Hex/Ice        #.....       88%         2    None
 Poisonous Vapours        Pois/Air       #.....       88%         2    None
 Shroud of Golubria       Chrm/Tloc      #.........   88%         2    None
 Slow                     Hex            #.......     88%         2    None
 Song of Slaying          Chrm           #.......     88%         2    None
 Sticks to Snakes         Tmut           #.......     88%         2    None
 Call Canine Familiar     Summ           #.......     98%         3    #......
 Confuse                  Hex            #.......     98%         3    #......
 Gell's Gravitas          Tloc           #.........   98%         3    #......
 Lesser Beckoning         Tloc           #.........   98%         3    #......
 Ozocubu's Armour         Chrm/Ice       #.......     98%         3    #......
 Portal Projectile        Hex/Tloc       #.....       98%         3    #......
 Recall                   Summ/Tloc      N/A          98%         3    #......
 Regeneration             Chrm/Necr      #.........   98%         3    #......
 Spectral Weapon          Hex/Chrm       #.......     98%         3    #......
 Spider Form              Tmut/Pois      #.........   98%         3    #......
 Tukima's Dance           Hex            #.......     98%         3    #......
 Borgnjor's Vile Clutch   Necr/Erth      ###.......   98%         5    #####..
 Bolt of Cold             Conj/Ice       ###.......   99%         6    ######.
 Conjure Ball Lightning   Conj/Air       ###.......   99%         6    ######.
 Animate Dead             Necr           N/A          100%        4    ###....
 Cause Fear               Hex            #.........   100%        4    ###....
 Ice Form                 Ice/Tmut       #.......     100%        4    ###....
 Olgreb's Toxic Radiance  Pois           #.......     100%        4    ###....
 Summon Ice Beast         Ice/Summ       #.......     100%        4    ###....
 Summon Lightning Spire   Summ/Air       #.......     100%        4    ###....
 Agony                    Necr           #.......     100%        5    #####..
 Alistair's Intoxication  Tmut/Pois      #.......     100%        5    #####..
 Aura of Abjuration       Summ           #.........   100%        5    #####..
 Blade Hands              Tmut           #.........   100%        5    #####..
 Dispel Undead            Necr           #.......     100%        5    #####..
 Excruciating Wounds      Chrm/Necr      #.........   100%        5    #####..
 Metabolic Englaciation   Hex/Ice        #.........   100%        5    #####..
 Silence                  Hex/Air        #.........   100%        5    #####..
 Summon Demon             Summ           #.........   100%        5    #####..
 Summon Forest            Summ/Tloc      #.........   100%        5    #####..
 Summon Mana Viper        Hex/Summ       #.......     100%        5    #####..
 Yara's Violent Unravell  Hex/Tmut       #.........   100%        5    #####..
 Darkness                 Hex            #.........   100%        6    ######.
 Death Channel            Necr           #.........   100%        6    ######.
 Deflect Missiles         Chrm/Air       #.........   100%        6    ######.
 Dispersal                Tloc           #.........   100%        6    ######.
 Freezing Cloud           Conj/Ice/Air   ###.......   100%        6    ######.
 Hydra Form               Tmut           #.........   100%        6    ######.
 Invisibility             Hex            #.......     100%        6    ######.
 Ozocubu's Refrigeration  Ice            #.........   100%        6    ######.
 Shadow Creatures         Summ           N/A          100%        6    ######.
 Simulacrum               Ice/Necr       #.........   100%        6    ######.
 Dragon Form              Tmut           #.........   100%        7    #######
 Haunt                    Necr/Summ      #.........   100%        7    #######
 Malign Gateway           Summ/Tloc      #.........   100%        7    #######
 Monstrous Menagerie      Summ           #.........   100%        7    #######
 Ring of Flames           Chrm/Fire      ###.......   100%        7    #######
 Spellforged Servitor     Conj/Summ      ###.......   100%        7    #######
 Summon Greater Demon     Summ           #.........   100%        7    #######
 Summon Hydra             Summ           #.........   100%        7    #######
 Borgnjor's Revivificati  Necr           #.........   100%        8    #######
 Controlled Blink         Tloc           N/A          100%        8    #######
 Death's Door             Chrm/Necr      #.........   100%        8    #######
 Discord                  Hex            #.........   100%        8    #######
 Disjunction              Tloc           #.........   100%        8    #######
 Infestation              Necr           #.........   100%        8    #######
 Necromutation            Tmut/Necr      #.........   100%        8    #######
 Summon Horrible Things   Summ           #.........   100%        8    #######
 Dragon's Call            Summ           #.........   100%        9    #######
 Tornado                  Air            #.........   100%        9    #######
 Sublimation of Blood     Necr           Unusable     N/A         2    N/A
 Statue Form              Tmut/Erth      Unusable     N/A         6    N/A

Dungeon Overview and Level Annotations

Branches:
Dungeon (15/15)            Temple (1/1) D:4            Lair (6/6) D:9
 Shoals (4/4) Lair:3       Spider (4/4) Lair:2        Slime (5/5) Lair:6
    Orc (2/2) D:11            Elf (3/3) Orc:2        Vaults (5/5) D:13
  Crypt (3/3) Vaults:2       Tomb (1/3) Crypt:3      Depths (5/5) D:15
    Zot (4/5) Depths:5

Altars:
Ashenzari
Cheibriados
Dithmenos
Elyvilon
Fedhas
Gozag
Hepliaklqana
Kikubaaqudgha
Makhleb
Nemelex Xobeh
Okawaru
Qazlal
Ru
Sif Muna
Trog
Uskayaw
Vehumet
Wu Jian
Xom
Yredelemnul
Zin
The Shining One
Beogh
Jiyva
Lugonu

Shops:
D:9 [?*   D:11 *   D:12 :[}!?   Orc:2 ([*=   Shoals:2 !   Shoals:3 }
Vaults:5 =

Portals:
Hell: Lair:6 Depths:1 Depths:2 Depths:3 Depths:4 Depths:5
Abyss: Depths:4 Depths:5
Pandemonium: Depths:3
Ziggurat: Depths:2

Annotations:
Slime:5 Royal Jelly
Zot:2 2 transporters, Innyogim's ghost, veteran DDFi
Zot:3 3 runed doors, Menkoroxt's ghost, veteran DDFi


Innate Abilities, Weirdness & Mutations

You are resistant to torment.
Your stone body is resilient. (AC +20)
You are immune to poison.
Your large and strong wings let you fly indefinitely.
You resist negative energy. (rN+)
You are resistant to electric shocks. (rElec)
You can survive without breathing.
You are immune to petrification.
You are immune to rotting.
You have large cloven feet.
You are partially covered in rugged brown scales. (AC +1, +3% HP)
You are agile. (Dex +2)
You are dopey. (Int -2)
Your flesh is heat resistant. (rF+)
You are frail. (-10% HP)
Your magical capacity is very low. (-20% MP)
You occasionally shout uncontrollably at your foes.
You are weak. (Str -2)


Message History

The sphere of damnation explodes!
The damnation engulfs your daeva.
Something unseen opens the door.
Your daeva calls down the wrath of the Shining One upon the Brimstone Fiend.
The Brimstone Fiend is smitten.
Your daeva calls down the wrath of the Shining One upon the Brimstone Fiend.
The Brimstone Fiend is smitten.
The Brimstone Fiend calls on the powers of darkness!
Your daeva convulses!
Your body is wracked with pain!
Your daeva hits the Brimstone Fiend with a scimitar of holy wrath!
The Brimstone Fiend convulses.
Your daeva hits the Brimstone Fiend but does no damage.
Something hits your daeva!
Your daeva blocks something's attack.
The Brimstone Fiend gestures at you.
The sphere of damnation explodes!
The damnation engulfs you!
* * * LOW HITPOINT WARNING * * *
The Brimstone Fiend gestures at you.
The sphere of damnation explodes!
The damnation engulfs you!
You die...

..#.....∩.#...A3.......#
.#..#...####.31###.....#
############...###...$##
#....∩.........#
#..............#
#..............
#....∩...#...
##.......### #######@#
###


You could see a Brimstone Fiend and a smoke demon.

Vanquished Creatures
  Cerebov (Pan)
  Dissolution (Slime:3)
  Ignacio (Pan)
  Lom Lobon (Pan)
  Mnoleg (Pan)
  Mennas (Pan)
  2 orbs of fire
  An ancient lich (Crypt:3)
  Boris (twice) (Crypt:2 Depths:3)
  Frederick (Depths:4)
  Xtahua (Vaults:4)
  the Enchantress (Depths:2)
  9 golden dragons
  2 bone dragons
  9 pandemonium lords (Pan)
  4 Tzitzimimeh (Pan)
  19 tentacled monstrosities
  10 Brimstone Fiends
  2 electric golems
  4 Ice Fiends
  10 quicksilver dragons
  Asterion (Elf:2)
  9 death cobs
  8 titans
  19 acid blobs
  12 Hell Sentinels (Pan)
  6 liches
  2 deep elf blademasters (Elf:3)
  9 sphinxes
  2 ancient champions (Crypt:2)
  Gastronok (Lair:3)
  9 Executioners
  9 tentacled starspawn
  Frances (Elf:1)
  A kraken (Shoals:3)
  Agnes (Elf:1)
  Kirke (Lair:4)
  7 tengu reavers
  15 shadow dragons
  8 storm dragons
  A revenant (Crypt:3)
  The ghost of Xerupn the Stormcaller, an adept TeFE of Vehumet (Lair:3)
  15 deep elf sorcerers
  5 draconian monks (Zot:3)
  3 orc warlords
  12 vault wardens
  12 azure jellies
  A ghost moth (shapeshifter) (Abyss:2)
  14 black suns (Pan)
  3 iron dragons
  9 corrupters (Pan)
  5 draconian scorchers
  20 balrugs
  10 frost giants
  6 warmongers (Pan)
  10 fire giants
  2 draconian knights
  2 draconian shifters (Zot:3)
  2 emperor scorpions (Spider:4)
  4 ghost moths
  14 ghouls
  16 ironheart preservers
  6 deep elf elementalists
  25 cacodemons
  4 draconian annihilators
  4 draconian stormcallers (Depths:5)
  An angel (Pan)
  15 very ugly things
  8 stone giants
  6 entropy weavers
  10 spriggan defenders
  22 reapers
  8 blood saints (Pan)
  5 war gargoyles
  3 deep elf demonologists
  16 lorocyprocas
  Azrael (D:14)
  8 green draconians
  Nessos (Lair:5)
  6 vampire knights
  7 deep elf annihilators
  12 black draconians
  The ghost of Veedd the Carver, a journeyman NaFi of Cheibriados (D:11)
  An orange crystal statue (WizLab)
  13 blizzard demons
  13 red draconians
  4 yellow draconians
  11 spark wasps
  A minotaur (shapeshifter) (Depths:1)
  5 white draconians
  16 green deaths
  4 eidola
  3 purple draconians
  16 ettins
  5 crystal guardians
  A merfolk javelineer (Shoals:4)
  5 deep elf death magi
  3 death oozes
  9 jiangshi
  4 fire dragons
  7 merfolk impalers
  13 ogre magi
  2 great orbs of eyes (shapeshifter) (Abyss:4)
  9 deep elf high priests
  20 yaktaur captains
  Fannar (Lair:3)
  5 rakshasas
  11 great orbs of eyes
  The ghost of Tali the Cleaver, a journeyman DsBe of Trog (D:11)
  34 vault guards
  8 ice dragons
  The ghost of denis1488 the Impaler, a journeyman MfGl of the Shining One (D:11)
  8 spriggan air magi
  A hydra (shapeshifter) (Vaults:3)
  A naga warrior (Abyss:3)
  4 hydras
  7 monstrous demonspawn (Pan)
  6 centaur warriors
  A catoblepas (Shoals:3)
  8 hell beasts
  6 merfolk aquamancers
  39 two-headed ogres
  A merfolk avatar (Shoals:3)
  An alligator snapping turtle (Shoals:4)
  7 death knights
  8 vampire magi
  12 deep troll shamans
  A satyr (Shoals:3)
  15 tengu warriors
  3 hell hogs (Abyss:4)
  A two-headed ogre (shapeshifter) (Vaults:1)
  8 deep troll earth magi
  The ghost of NeonDemon the Cleaver, a journeyman GrCK of Xom (D:11)
  4 death scarabs (Tomb:1)
  7 death yaks
  2 orc high priests (Orc:2)
  A titan zombie (Vaults:5)
  2 spectral storm dragons (Crypt:1)
  The ghost of tidbits the Martial Artist, a novice GnTm of Cheibriados (D:11)
  24 dancing weapons
  28 thrashing horrors
  A queen ant (Spider:2)
  62 sun demons
  21 soul eaters
  6 spriggan berserkers
  8 hell knights
  9 wretched stars
  22 deep elf knights
  A storm dragon zombie (Crypt:2)
  A titan skeleton (Crypt:3)
  A salamander mystic (Depths:3)
  29 sixfirhies
  An iron troll (shapeshifter) (Depths:2)
  59 large abominations
  6 iron trolls
  2 shadow wraiths
  3 spatial maelstroms
  11 unseen horrors
  9 sea snakes
  22 small abominations
  6 glowing orange brains
  12 flayed ghosts
  A quicksilver dragon simulacrum (Depths:2)
  6 infernal demonspawn (Pan)
  22 skeletal warriors
  A glowing orange brain (shapeshifter) (Vaults:1)
  A death drake (shapeshifter) (Vaults:3)
  3 torturous demonspawn (Pan)
  20 shadow demons (Pan)
  21 deep elf archers
  8 gelid demonspawn (Pan)
  39 deep trolls
  15 ironbrand convokers
  10 wizards
  A ghost moth zombie (Crypt:2)
  40 starcursed masses
  A lindwurm (Lair:2)
  A harpy (shapeshifter) (Elf:1)
  28 phantasmal warriors
  12 orc knights
  The ghost of Flugkiller the Cudgeler, a novice VSSu (D:7)
  14 orb spiders
  10 fauns
  17 harpies
  An anaconda skeleton (Crypt:2)
  2 spectral fire dragons (Crypt:1)
  5 necromancers
  A sphinx skeleton (Crypt:2)
  A stone giant zombie (Crypt:1)
  59 deep elf magi
  41 ugly things
  24 wolf spiders
  7 cyclopes
  3 orc sorcerers
  10 shining eyes
  3 worldbinders
  2 spectral ice dragons (Crypt:1)
  5 manticores
  6 elephants (Lair:5)
  20 moths of wrath
  2 centaur zombies (D:14)
  2 salamanders (Depths:3)
  A guardian serpent (Abyss:3)
  8 black mambas
  A human zombie (Vaults:5)
  44 smoke demons
  4 eyes of devastation
  5 fire giant skeletons (Crypt:3)
  2 guardian serpents (shapeshifter) (Abyss:4)
  A dire elephant zombie (Crypt:2)
  20 vault sentinels
  An ice statue (Depths:2)
  A frost giant skeleton (Crypt:2)
  2 human skeletons (Vaults:5)
  5 merfolk sirens
  10 rust devils
  4 apocalypse crabs
  5 water nymphs
  2 torpor snails
  30 orange demons
  8 gargoyles
  A dire elephant skeleton (Crypt:2)
  10 spiny frogs
  3 centaur skeletons
  13 hellions
  A stone giant skeleton (Crypt:3)
  49 yaktaurs
  11 rime drakes
  16 freezing wraiths
  17 demonic crawlers
  A kobold demonologist (D:8)
  A black draconian zombie (Crypt:2)
  6 komodo dragons
  A shock serpent skeleton (Crypt:2)
  11 efreet
  2 red draconian skeletons (Crypt:2)
  23 hellwings
  A ghost moth simulacrum (Crypt:1)
  6 wind drakes
  2 guardian mummies (Crypt:3)
  A meliai (Lair:4)
  6 tormentors
  8 ice devils
  11 ancient zymes
  28 jumping spiders
  12 polar bears (IceCv)
  21 red devils
  A sea snake skeleton (Crypt:2)
  11 trolls
  6 tengu conjurers
  2 polar bears (shapeshifter)
  A jumping spider (shapeshifter) (Vaults:2)
  33 merfolk
  A harpy zombie (Crypt:2)
  19 hornets
  A hydra skeleton (Crypt:3)
  A hornet (shapeshifter) (Abyss:4)
  14 raiju
  2 bog bodies
  10 tyrant leeches
  A sphinx simulacrum (Vaults:3)
  22 hippogriffs
  12 dream sheep
  A fire giant simulacrum (Vaults:2)
  132 slime creatures
  8 snapping turtles
  16 blink frogs
  A meliai zombie (D:14)
  An alligator skeleton (Crypt:3)
  8 spriggans
  A tarantella (shapeshifter) (D:13)
  60 redbacks
  19 tarantellas
  Sigmund (D:6)
  5 shadows
  23 water elementals
  22 flying skulls
  A redback (shapeshifter) (Vaults:3)
  A yak (shapeshifter) (Vaults:3)
  3 air elementals
  3 fire dragon skeletons (Crypt:3)
  2 ettin skeletons (Crypt:1)
  19 wraiths
  5 wyverns
  45 ynoxinuls
  27 chaos spawn
  4 fire bats (Abyss:4)
  9 hogs
  A human (D:7)
  Grum (D:10)
  27 neqoxecs
  2 hungry ghosts
  2 vampires
  78 yaks
  2 basilisks
  9 fire elementals
  19 golden eyes
  5 vampire mosquitoes
  9 steam dragons
  5 wargs
  5 spatial vortices (Abyss:5)
  A warg (shapeshifter) (Vaults:5)
  5 swamp worms
  2 nagas (Abyss:3)
  12 water moccasins
  23 soldier ants (Spider:2)
  3 acid dragons
  A floating eye (shapeshifter) (Depths:5)
  7 floating eyes
  15 porcupines
  35 orc warriors
  17 hell hounds
  4 black bears
  A hornet zombie (D:10)
  13 eyes of draining
  An ice beast (D:10)
  2 sky beasts
  27 wolves
  A phantom (D:6)
  A black mamba simulacrum (Crypt:1)
  3 ettin simulacra
  7 necrophages
  A wolf (shapeshifter) (Depths:5)
  17 boggarts
  28 ogres
  9 centaurs
  A snapping turtle skeleton (Crypt:3)
  17 crocodiles
  A salamander zombie (Crypt:1)
  3 big kobolds
  23 bullfrogs
  An earth elemental (Elf:2)
  A komodo dragon skeleton (Crypt:1)
  A wyvern zombie (D:14)
  A water moccasin zombie (D:5)
  3 scorpions
  2 killer bees (Lair:4)
  A water moccasin skeleton (D:7)
  A troll skeleton (Crypt:2)
  13 wights
  3 electric eels
  5 howler monkeys
  14 crimson imps
  6 hounds
  3 jellies
  6 quasits
  A wyvern simulacrum (D:14)
  A gnoll shaman (D:4)
  A bullfrog zombie (D:12)
  20 orc priests
  An iron imp (Abyss:4)
  26 orc wizards
  4 bullfrog skeletons
  Ijyb (D:4)
  5 iguanas
  26 worker ants
  Natasha (thrice) (D:2)
  A sky beast zombie (Crypt:1)
  2 hound skeletons
  8 mummies (Crypt:3)
  Robin (D:4)
  3 gnolls (D:4)
  A howler monkey zombie (Crypt:1)
  7 adders
  2 shadow imps
  14 white imps
  2 oozes
  A halfling skeleton (Crypt:2)
  2 adder skeletons
  An iguana skeleton (Crypt:1)
  3 worms
  A ball lightning (Pan)
  A dart slug (D:1)
  7 leopard geckos
  100 orcs
  6 giant cockroaches
  12 hobgoblins
  9 jackals
  6 quokkas
  A ball python skeleton (Crypt:1)
  10 bats
  5 frilled lizards
  A frilled lizard zombie (Crypt:1)
  10 goblins
  3 jackal skeletons
  16 kobolds
  A kobold zombie (Crypt:1)
  A quokka zombie (D:9)
  10 rats
  9 crawling corpses
  7 fire vortices (Pan)
  2 fungi
  3 lurking horrors (Abyss:4)
  3 plants
  4 starspawn tentacles
3574 creatures vanquished.

Vanquished Creatures (collateral kills)
  the Royal Jelly (Slime:5)
  A pandemonium lord (Pan)
  A curse toe (Zot:4)
  Saint Roka (Depths:2)
  A Killer Klown (Zot:4)
  A profane servitor (Pan)
  2 Tzitzimimeh (Pan)
  4 Brimstone Fiends (Pan)
  2 tentacled monstrosities
  An Ice Fiend (Pan)
  2 Hell Sentinels (Pan)
  Rupert (D:12)
  A lich (Depths:3)
  A deep elf master archer (Elf:3)
  A titan (Vaults:5)
  4 acid blobs (Slime:5)
  3 Executioners (Pan)
  A storm dragon (Zot:4)
  The ghost of Nite the Markscentaur, an adept CeHu of Okawaru (Shoals:4)
  3 azure jellies
  Louise (Spider:1)
  A curse skull (Crypt:3)
  2 vault wardens (Vaults:5)
  8 cacodemons (Pan)
  3 ghost moths
  14 balrugs
  An emperor scorpion (Spider:4)
  A draconian stormcaller (Zot:3)
  3 deep elf elementalists
  An ironheart preserver (Vaults:5)
  3 warmongers (Pan)
  3 corrupters (Pan)
  An angel (Pan)
  4 entropy weavers
  4 blood saints (Pan)
  A deep elf demonologist (Vaults:5)
  2 black suns (Pan)
  2 deep elf annihilators (Elf:3)
  The ghost of Visirewa the Basher, a journeyman GrFi of Okawaru (Shoals:1)
  A lorocyproca (Pan)
  A spark wasp (Spider:4)
  A deep elf death mage (Elf:3)
  2 ettins (Vaults:5)
  7 green deaths (Pan)
  5 blizzard demons (Pan)
  3 death oozes (Slime:5)
  A deep elf high priest (Elf:3)
  A monstrous demonspawn (Pan)
  13 large abominations
  2 great orbs of eyes
  3 hydras
  3 hell beasts (Pan)
  5 two-headed ogres
  2 ogre magi
  6 dancing weapons
  A satyr (Shoals:4)
  A deep troll earth mage (Depths:2)
  3 thrashing horrors (Abyss:4)
  4 spriggan berserkers
  18 sun demons
  3 soul eaters (Pan)
  8 sixfirhies (Pan)
  2 torturous demonspawn (Pan)
  A wizard (Pan)
  A quicksilver dragon simulacrum (Depths:2)
  4 gelid demonspawn (Pan)
  A glowing orange brain (Depths:3)
  2 skeletal warriors
  4 shadow demons (Pan)
  2 deep trolls
  An infernal demonspawn (Pan)
  3 flayed ghosts
  2 phantasmal warriors (Depths:3)
  An anaconda skeleton (Crypt:3)
  An orc knight (Vaults:1)
  4 lindwurms (D:13)
  2 deep elf archers
  9 wolf spiders
  3 deep elf magi
  An ugly thing (Vaults:4)
  2 orb spiders
  2 fauns (Shoals:4)
  14 slime creatures
  2 cyclopes
  A salamander (shapeshifter) (Vaults:5)
  A moth of wrath (Zot:4)
  6 fire giant skeletons (Crypt:3)
  An eye of devastation (Pan)
  11 smoke demons (Pan)
  An ice statue (IceCv)
  A water nymph (Shoals:4)
  18 orange demons
  A rust devil (Pan)
  A spiny frog (Lair:4)
  2 vault sentinels (Vaults:5)
  A hellion (Pan)
  3 komodo dragons (Lair:6)
  5 yaktaurs
  3 rime drakes
  3 freezing wraiths
  6 ice devils
  5 demonic crawlers
  An efreet (Pan)
  14 red devils
  A tormentor (Pan)
  A hellwing (Lair:6)
  An ancient zyme (Abyss:4)
  A merfolk (Shoals:4)
  A queen bee (Lair:4)
  2 meliai (Lair:4)
  6 jumping spiders
  A troll (Vaults:1)
  2 hornets
  5 hippogriffs (Lair:4)
  2 blink frogs (Lair:6)
  A bog body (Crypt:2)
  8 dream sheep
  4 wyverns (Lair:4)
  4 water elementals (Shoals:4)
  A spriggan (Depths:4)
  9 ynoxinuls (Pan)
  6 tarantellas
  12 redbacks
  A yak (Lair:6)
  A flying skull (Depths:2)
  An ushabti (Crypt:3)
  2 fire dragon skeletons (Crypt:3)
  3 golden eyes (Slime:3)
  3 chaos spawn (Pan)
  6 neqoxecs (Pan)
  2 basilisks (Lair:4)
  A hungry ghost (Crypt:3)
  A water moccasin (Lair:6)
  An acid dragon (Vaults:1)
  A porcupine (Lair:4)
  A soldier ant (Spider:2)
  A hell hound (Lair:6)
  A floating eye (Pan)
  A sky beast (D:12)
  6 orc warriors
  2 ettin simulacra (Depths:2)
  An ogre (Orc:2)
  An eye of draining (Pan)
  A small abomination (Abyss:4)
  2 boggarts (Vaults:1)
  2 crocodiles
  An elf simulacrum (Vaults:1)
  An earth elemental (Elf:1)
  6 killer bees (Lair:4)
  A wight (D:14)
  2 crimson imps (Pan)
  2 orc wizards (Orc:2)
  3 orc priests
  A mummy (Crypt:3)
  5 orcs
  A fungus (Lair:6)
  3 plants
468 creatures vanquished.

Vanquished Creatures (others)
  An ancient lich (Crypt:3)
  Polyphemus (Shoals:3)
  2 eldritch tentacles (Pan)
  A vault warden (Vaults:5)
  A draconian knight (Zot:2)
  A balrug (Pan)
  A blood saint (Pan)
  2 stone giants
  2 merfolk javelineers
  A deep elf high priest (Elf:3)
  3 yaktaur captains
  4 centaur warriors
  A two-headed ogre (Depths:2)
  A tengu warrior (Depths:2)
  3 satyrs
  6 deep elf archers
  2 wizards (Pan)
  A torturous demonspawn (Pan)
  A deep elf mage (Elf:3)
  A salamander (Depths:3)
  An ugly thing (Depths:1)
  2 cyclopes
  2 fauns (Shoals:3)
  A vault sentinel (Vaults:1)
  A rime drake (Lair:3)
  19 yaktaurs
  A tengu conjurer (Elf:1)
  A wind drake (Shoals:3)
  A redback (Spider:4)
  A ynoxinul (Pan)
  2 water elementals
  A small abomination (Abyss:4)
  A neqoxec (Pan)
  A steam dragon (Lair:3)
  5 centaurs
  An earth elemental (Elf:1)
  A wight (D:14)
  A jelly (Abyss:4)
  A white imp (Abyss:4)
  6 ball lightnings (Pan)
  An orc (D:11)
  A bush (D:9)
  A crawling corpse (Vaults:5)
  A fire vortex (Pan)
  24 fungi
  3 lurking horrors
  53 plants
  16 starspawn tentacles
  4 tentacles (Shoals:3)
190 creatures vanquished.

Grand Total: 4232 creatures vanquished

Notes
Turn   | Place    | Note
-------+----------+-------------------------------------------
     0 | D:1      | hofbold the Gargoyle Fighter began the quest for the Orb.
     0 | D:1      | Reached XP level 1. HP: 14/14 MP: 1/1
   207 | D:1      | Reached XP level 2. HP: 19/19 MP: 2/2
   981 | D:2      | Reached XP level 3. HP: 23/23 MP: 3/3
  1264 | D:2      | Found a glowing golden altar of the Shining One.
  1279 | D:2      | Reached skill level 1 in Throwing
  1282 | D:2      | Became a worshipper of the Shining One
  1285 | D:2      | Noticed Natasha
  1285 | D:2      | Noticed a water moccasin
  1289 | D:2      | Killed Natasha
  1289 | D:2      | Reached skill level 1 in Spellcasting
  1289 | D:2      | Reached XP level 4. HP: 18/29 MP: 5/5
  1761 | D:2      | You fall through a shaft for 2 floors!
  1771 | D:4      | Found a staircase to the Ecumenical Temple.
  1782 | Temple   | Entered the Ecumenical Temple
  2704 | D:3      | Reached XP level 5. HP: 33/33 MP: 7/7
  2956 | D:4      | Reached skill level 4 in Fighting
  2986 | D:4      | Reached skill level 1 in Invocations
  3047 | D:4      | Found a burning altar of Makhleb.
  3056 | D:4      | Reached XP level 6. HP: 38/38 MP: 8/8
  3133 | D:4      | Noticed Robin
  3135 | D:4      | Reached * piety under the Shining One
  3142 | D:4      | Killed Robin
  3301 | D:4      | Noticed Ijyb
  3319 | D:4      | Killed Ijyb
  3673 | D:4      | Reached XP level 7. HP: 28/44 MP: 10/10
  3862 | D:5      | Entered Level 5 of the Dungeon
  3905 | D:5      | Found a shimmering altar of Xom.
  4005 | D:5      | Found a sacrificial altar of Ru.
  4207 | D:5      | Found a snail-covered altar of Cheibriados.
  4207 | D:5      | Reached ** piety under the Shining One
  4240 | D:5      | Found an ornate altar of the Wu Jian Council.
  4419 | D:2      | Noticed Natasha
  4431 | D:2      | Killed Natasha
  4492 | D:2      | Noticed Natasha
  4501 | D:2      | Killed Natasha
  4501 | D:2      | Reached XP level 8. HP: 33/48 MP: 12/12
  5222 | D:6      | Noticed Sigmund
  5230 | D:6      | Killed Sigmund
  5230 | D:6      | Reached skill level 5 in Fighting
  5230 | D:6      | Reached skill level 5 in Armour
  5230 | D:6      | Reached skill level 5 in Shields
  6039 | D:7      | Noticed a vampire
  6046 | D:7      | Killed a vampire
  6192 | D:7      | Reached XP level 9. HP: 53/54 MP: 14/14
  6218 | D:7      | Found a large runed door.
  6219 | D:7      | Found a large runed door.
  6228 | D:7      | Noticed Flugkiller's ghost (novice VSSu)
  6453 | D:7      | Reached skill level 1 in Evocations
  6457 | D:7      | Reached skill level 6 in Fighting
  6462 | D:7      | Reached skill level 5 in Maces & Flails
  6783 | D:8      | Reached *** piety under the Shining One
  6785 | D:8      | Noticed a two-headed ogre
  6795 | D:8      | Killed a two-headed ogre
  6795 | D:8      | Reached skill level 5 in Invocations
  6795 | D:8      | Reached XP level 10. HP: 26/61 MP: 16/16
  6982 | D:8      | Noticed a seven-headed hydra
  7121 | D:8      | Killed a seven-headed hydra
  7121 | D:8      | Reached skill level 7 in Fighting
  7487 | D:8      | Found a runed door.
  7517 | D:8      | Reached skill level 5 in Throwing
  7554 | D:8      | Reached skill level 5 in Spellcasting
  7624 | D:8      | Noticed a kobold demonologist
  7632 | D:8      | Killed a kobold demonologist
  7660 | D:8      | Identified the Incunabulum of the Snail
  7824 | D:8      | Reached XP level 11. HP: 68/68 MP: 18/18
  7864 | D:9      | Found an ancient bone altar of Kikubaaqudgha.
  7897 | D:9      | Got an ancient scale mail
  7908 | D:9      | Identified the +6 scale mail "Caosk" {MR+ Str+4 Int+2} (You found it on level 9 of the Dungeon)
  8038 | D:9      | Found a staircase to the Lair.
  8059 | D:9      | Noticed a two-headed ogre
  8075 | D:9      | Killed a two-headed ogre
  8075 | D:9      | Reached skill level 8 in Fighting
  8081 | D:9      | Reached **** piety under the Shining One
  8248 | D:9      | Found a shattered altar of Ashenzari.
  8263 | D:9      | Found Zumeuxergh's Assorted Antiques.
  8638 | D:9      | Found Zellil's Antique Armour Shop.
  8676 | D:9      | Bought a pair of ancient gloves for 304 gold pieces
  8681 | D:9      | Identified the +1 pair of gloves of the Vestibule of Hell {MP+9} (You bought it in a shop on level 9 of the Dungeon)
  8741 | D:9      | Got a jewelled war axe
  8747 | D:9      | Found Lyhiq's Magic Scroll Shoppe.
  8748 | D:9      | Identified the cursed +0 war axe of Xom's Hope {chop, MP+9} (You found it on level 9 of the Dungeon)
  8752 | D:9      | Bought a scroll of identify for 34 gold pieces
  8841 | D:9      | Found a blossoming altar of Fedhas.
  9070 | D:7      | Killed Flugkiller's ghost
  9143 | D:10     | Entered Level 10 of the Dungeon
  9171 | D:10     | Found a shadowy altar of Dithmenos.
  9856 | D:10     | Noticed Grum
  9879 | D:10     | Killed Grum
  9950 | D:10     | Reached ***** piety under the Shining One
 10206 | D:11     | Noticed a two-headed ogre
 10213 | D:11     | Killed a two-headed ogre
 10213 | D:11     | Reached skill level 9 in Fighting
 10213 | D:11     | Reached XP level 12. HP: 76/76 MP: 20/20
 10419 | D:11     | Found Coybruv's Changing Room.
 10509 | D:11     | Found a staircase to the Orcish Mines.
 10640 | D:11     | Found a runed gate.
 10650 | D:11     | Found a runed gate.
 10650 | D:11     | Noticed tidbits's ghost (novice GnTm)
 10651 | D:11     | Noticed Tali's ghost (journeyman DsBe)
 10652 | D:11     | Found a runed gate.
 10652 | D:11     | Noticed Veedd's ghost (journeyman NaFi)
 10653 | D:11     | Noticed NeonDemon's ghost (journeyman GrCK)
 10654 | D:11     | Noticed denis1488's ghost (journeyman MfGl)
 11164 | Orc:1    | Entered Level 1 of the Orcish Mines
 11447 | Orc:2    | Entered Level 2 of the Orcish Mines
 11451 | Orc:2    | Noticed an orc warlord
 11486 | Orc:2    | Reached skill level 5 in Evocations
 11515 | Orc:2    | Killed an orc warlord
 11748 | Orc:2    | Noticed an orc high priest
 11781 | Orc:2    | Killed an orc high priest
 12036 | Orc:2    | Found a staircase to the Elven Halls.
 12040 | Orc:2    | Noticed an orc high priest
 12061 | Orc:2    | Reached skill level 10 in Fighting
 12067 | Orc:2    | Killed an orc high priest
 12067 | Orc:2    | Reached skill level 10 in Shields
 12495 | Orc:2    | Noticed an orc warlord
 12510 | Orc:2    | Reached XP level 13. HP: 82/82 MP: 22/22
 12513 | Orc:2    | Killed an orc warlord
 12524 | Orc:2    | Found a roughly hewn altar of Beogh.
 12541 | Orc:2    | Found Daxzeath's Jewellery Shop.
 12562 | Orc:2    | Found Qierhoiph's Antique Armour Shop.
 12596 | Orc:2    | Found Unom's Antique Weapon Shop.
 12602 | Orc:2    | Found Quaggopias's General Store.
 13399 | Orc:2    | Bought an encrusted helmet for 228 gold pieces
 13409 | Orc:2    | Identified the +0 helmet of Lilacs {+Blink MR+} (You bought it in a shop on level 2 of the Orcish Mines)
 13429 | Orc:2    | Bought the ring "Sussu Sek" {+Inv rPois rC++ Str+2 Stlth+} for 631 gold pieces
 13551 | Lair:1   | Entered Level 1 of the Lair of Beasts
 13803 | Lair:1   | Identified a scroll of acquirement
 14020 | Lair:1   | Found a frozen archway.
 14046 | IceCv    | Entered an ice cave
 14361 | IceCv    | Reached skill level 11 in Fighting
 14805 | IceCv    | Reached ****** piety under the Shining One
 14805 | IceCv    | Noticed a frost giant
 14831 | IceCv    | Killed a frost giant
 14893 | IceCv    | Got a polished flail
 14906 | IceCv    | Learned a level 8 spell: Ignition
 14912 | IceCv    | Learned a level 5 spell: Fireball
 14919 | IceCv    | Learned a level 6 spell: Bolt of Fire
 14921 | IceCv    | Learned a level 1 spell: Flame Tongue
 14924 | IceCv    | Learned a level 2 spell: Throw Flame
 14925 | IceCv    | Identified the cursed +3 flail "Ijoogg" {elec, Dex+4 Stlth+} (You found it in an ice cave)
 15234 | Lair:1   | Reached skill level 1 in Conjurations
 15234 | Lair:1   | Reached skill level 1 in Fire Magic
 15428 | Lair:1   | Gained mutation: Your large and strong wings let you fly indefinitely. [Gargoyle growth]
 15428 | Lair:1   | Reached XP level 14. HP: 82/90 MP: 25/25
 16261 | Lair:2   | Got a pair of ichor-stained gloves
 16276 | Lair:2   | Identified the +1 pair of gloves of Urcheaqei {rN++ MR+} (You found it on level 2 of the Lair of Beasts)
 16681 | Lair:2   | You fall through a shaft for 2 floors!
 18032 | Lair:2   | Found a hole to the Spider Nest.
 18089 | Lair:2   | Reached skill level 10 in Armour
 18365 | Lair:3   | Noticed Gastronok
 18393 | Lair:3   | Killed Gastronok
 18498 | Lair:3   | Reached skill level 5 in Conjurations
 18534 | Lair:3   | Found a staircase to the Shoals.
 18708 | Lair:3   | Found a runed door.
 18709 | Lair:3   | Found a shimmering altar of Xom.
 18709 | Lair:3   | Noticed Xerupn's ghost (adept TeFE)
 18770 | Lair:3   | Noticed Fannar
 18793 | Lair:3   | Killed Fannar
 19183 | Lair:5   | Found a blossoming altar of Fedhas.
 19246 | Lair:5   | Reached XP level 15. HP: 96/96 MP: 26/26
 19278 | Lair:5   | Reached skill level 12 in Fighting
 19695 | Lair:5   | Reached skill level 5 in Fire Magic
 19770 | Lair:5   | Noticed Kirke
 19777 | Lair:5   | Noticed Nessos
 19853 | Lair:4   | Killed Kirke
 19921 | Lair:5   | Killed Nessos
 20259 | Lair:6   | Entered Level 6 of the Lair of Beasts
 20497 | Lair:6   | Found a burning altar of Makhleb.
 20524 | Lair:6   | Found a gateway to Hell.
 20918 | Lair:6   | Found a staircase to the Slime Pits.
 20918 | Lair:6   | Found a viscous altar of Jiyva.
 21626 | D:9      | Bought a scroll of identify for 56 gold pieces
 21748 | D:12     | Found Govujit's Magic Scroll Boutique.
 21757 | D:12     | Bought a scroll of identify for 28 gold pieces
 21757 | D:12     | Bought 2 scrolls of enchant armour for 210 gold pieces
 21757 | D:12     | Bought a scroll of identify for 28 gold pieces
 21779 | D:12     | Found Doasoadd's Distillery.
 21791 | D:12     | Bought a potion of experience for 750 gold pieces
 21791 | D:12     | Reached XP level 16. HP: 103/103 MP: 28/28
 21840 | D:12     | Found Vegetoupn's Book Boutique.
 21928 | D:12     | Noticed Rupert
 21938 | D:12     | Killed Rupert
 21957 | D:12     | Found Puucef's Armour Shop.
 21975 | D:12     | Found Ager's Gadget Shop.
 22076 | D:12     | Got a faintly glowing war axe
 22282 | D:13     | Identified the +1 war axe "Arphim" {chop, -Tele rElec Int+2} (You found it on level 12 of the Dungeon)
 22438 | D:13     | Reached skill level 10 in Invocations
 22453 | D:13     | Identified Sif Muna's Handbook of the Compass and Poison
 23151 | D:13     | Reached XP level 17. HP: 105/108 MP: 29/29
 23174 | D:13     | Found a gate to the Vaults.
 23538 | D:14     | Noticed a sphinx
 23557 | D:14     | Killed a sphinx
 23776 | D:14     | Got a sparkling brass ring
 23779 | D:14     | Got a flickering tin ring
 23783 | D:14     | Identified the ring of Xom's Wantonness {rF+ rC+ Str+4 Stlth+} (You found it on level 14 of the Dungeon)
 23785 | D:14     | Identified the ring of Incredulity {rC- MR+++ MP+9 Int+7 Dex-2} (You found it on level 14 of the Dungeon)
 24259 | D:14     | Noticed Azrael
 24268 | D:14     | Reached skill level 13 in Fighting
 24288 | D:14     | Killed Azrael
 24472 | D:15     | Entered Level 15 of the Dungeon
 24522 | D:14     | Reached skill level 1 in Stealth
 24523 | D:14     | Reached skill level 10 in Maces & Flails
 24596 | D:15     | Found a staircase to the Depths.
 25089 | D:15     | Found an iron altar of Okawaru.
 25206 | Depths:1 | Entered Level 1 of the Depths
 25873 | Depths:1 | Noticed a tentacled monstrosity
 26201 | D:15     | Reached XP level 18. HP: 116/116 MP: 31/31
 26380 | Depths:1 | Killed a tentacled monstrosity
 26719 | Depths:1 | Found a runed gate.
 26719 | Depths:1 | Found a runed gate.
 26719 | Depths:1 | Found a runed gate.
 26719 | Depths:1 | Found a runed gate.
 26719 | Depths:1 | Found a runed gate.
 26719 | Depths:1 | Found a runed gate.
 26720 | Depths:1 | Found the +2 Maxwell's thermic engine {flame, freeze}
 26731 | Depths:1 | Noticed an Ice Fiend
 26736 | Depths:1 | Noticed a Brimstone Fiend
 26756 | Depths:1 | Killed a Brimstone Fiend
 26762 | Depths:1 | Reached skill level 14 in Fighting
 26780 | Depths:1 | Killed an Ice Fiend
 27255 | Elf:1    | Entered Level 1 of the Elven Halls
 27406 | Elf:1    | Noticed Frances
 27427 | Elf:1    | Killed Frances
 27743 | Elf:1    | Reached skill level 5 in Stealth
 27887 | Elf:1    | Noticed Agnes
 27898 | Elf:1    | Killed Agnes
 28276 | Elf:2    | Learned a level 3 spell: Conjure Flame
 28281 | Elf:2    | Learned a level 4 spell: Sticky Flame
 28356 | Elf:2    | Reached XP level 19. HP: 117/122 MP: 32/32
 29096 | Elf:2    | Found a huge runed gate.
 29101 | Elf:2    | Found a huge runed gate.
 29101 | Elf:2    | Found a huge runed gate.
 29101 | Elf:2    | Found a huge runed gate.
 29103 | Elf:2    | Found a huge runed gate.
 29298 | Elf:2    | Noticed Asterion
 29306 | Elf:2    | Killed Asterion
 29651 | Elf:3    | Entered Level 3 of the Elven Halls
 29962 | Elf:3    | Reached skill level 15 in Fighting
 30167 | Elf:3    | Reached skill level 10 in Throwing
 30290 | Elf:3    | Reached skill level 10 in Spellcasting
 30295 | Elf:3    | Noticed a Tzitzimitl
 30823 | Elf:3    | Reached XP level 20. HP: 129/129 MP: 34/34
 30837 | Elf:3    | Noticed a Brimstone Fiend
 30996 | Elf:3    | Found the +10 morningstar "Eos" {elec, Halo rElec}
 31001 | Elf:3    | Got a brightly glowing crystal amulet
 31058 | Elf:3    | Identified the amulet of Qeupp {Gourm rPois SInv Stlth+} (You found it on level 3 of the Elven Halls)
 31094 | Elf:3    | Got a coiled bronze ring
 31097 | Elf:3    | Identified the ring "Guidik" {rElec rC+} (You found it on level 3 of the Elven Halls)
 31188 | Elf:3    | Found the +1 cloak of Starlight {rElec rC+ EV+4 Stlth--}
 31194 | Elf:3    | Found the +8 lance "Wyrmbane" {slay drac, rPois rF+ rC+ AC+3}
 31248 | Elf:3    | Got a shimmering wooden ring
 31254 | Elf:3    | Identified the ring "Heonnet" {rF+ MR+} (You found it on level 3 of the Elven Halls)
 31263 | Elf:3    | Identified the ring of Queh Boj {EV+4 Str+3 Stlth+} (You took it off a deep elf annihilator on level 3 of the Elven Halls)
 31289 | Elf:3    | Got an ancient graven amulet
 31292 | Elf:3    | Identified the amulet "Retusk" {Harm *Drain Str+3} (You found it on level 3 of the Elven Halls)
 31304 | Elf:3    | Got a steaming mace {crush}
 31306 | Elf:3    | Identified the +10 mace of Unreason {crush, rPois Str+2 Stlth+} (You took it off a deep elf annihilator on level 3 of the Elven Halls)
 31316 | Elf:3    | Learned a level 2 spell: Searing Ray
 31665 | Spider:1 | Entered Level 1 of the Spider Nest
 31665 | Spider:1 | Noticed Louise
 31678 | Spider:1 | Killed Louise
 31678 | Spider:1 | Reached skill level 10 in Fire Magic
 32226 | Spider:1 | Got an ebony longbow
 32717 | Spider:2 | Reached skill level 1 in Polearms
 33992 | Spider:2 | Reached skill level 10 in Evocations
 34238 | Spider:3 | Identified the +5 longbow of the Traitor {venom, *Drain rF- rN+++ Int+4} (You found it on level 1 of the Spider Nest)
 34727 | Spider:3 | Got a shimmering chain mail
 34738 | Spider:3 | Identified the +0 chain mail of Ru's Delight {rC+ Int-2 SInv} (You acquired it on level 3 of the Spider Nest)
 34851 | Spider:3 | Found the +2 pair of boots of the Assassin {Detection Stab+ Stlth++}
 34908 | Spider:4 | Entered Level 4 of the Spider Nest
 35764 | Spider:4 | Reached XP level 21. HP: 118/135 MP: 1/35
 35784 | Spider:4 | Got a gossamer rune of Zot
 36408 | Depths:2 | Noticed the Enchantress
 36560 | Depths:2 | Paralysed by a floating eye for 3 turns
 36570 | Depths:2 | Paralysed by a floating eye for 3 turns
 36575 | Depths:2 | Noticed Saint Roka
 36598 | Depths:2 | Killed Saint Roka
 36696 | Depths:2 | Reached skill level 10 in Conjurations
 36736 | Depths:2 | Reached skill level 5 in Polearms
 37392 | Shoals:1 | Entered Level 1 of the Shoals
 37416 | Shoals:1 | Found a runed door.
 37431 | Shoals:1 | Noticed Visirewa's ghost (journeyman GrFi)
 37440 | Shoals:1 | Killed Visirewa's ghost
 37447 | Shoals:1 | Got a heavily runed copper ring
 37454 | Shoals:1 | Identified the ring "Emuatwimn" {rC+ rN+ Str+3 Dex+4} (You found it on level 1 of the Shoals)
 38904 | Shoals:2 | Found Vudetex's Distillery.
 38908 | Shoals:2 | Bought a potion of curing for 63 gold pieces
 38908 | Shoals:2 | Bought a potion of berserk rage for 105 gold pieces
 38908 | Shoals:2 | Bought 2 potions of curing for 126 gold pieces
 38908 | Shoals:2 | Bought a potion of mutation for 168 gold pieces
 38908 | Shoals:2 | Bought a potion of curing for 63 gold pieces
 39313 | Shoals:3 | Noticed Polyphemus
 39342 | Shoals:3 | Killed Polyphemus
 39441 | Shoals:3 | Found Ozooggeon's Gadget Emporium.
 39449 | Shoals:3 | Bought a phantom mirror for 540 gold pieces
 39670 | Shoals:3 | Reached skill level 16 in Fighting
 40053 | Shoals:3 | Identified the +9 broad axe of the Swamp {antimagic, rC+} (You found it on level 3 of the Shoals)
 40288 | Shoals:4 | Entered Level 4 of the Shoals
 40383 | Shoals:4 | Found a runed door.
 40388 | Shoals:4 | Noticed Nite's ghost (adept CeHu)
 40405 | Shoals:4 | Killed Nite's ghost
 40493 | Shoals:4 | Reached XP level 22. HP: 142/142 MP: 36/36
 40701 | Shoals:4 | Got a barnacled rune of Zot
 40928 | Shoals:4 | Identified the Reference Book on Combat Magic
 41762 | Vaults:1 | Entered Level 1 of the Vaults
 42265 | Vaults:1 | Found a roughly hewn altar of Beogh.
 42502 | Vaults:1 | Reached skill level 10 in Stealth
 42946 | Vaults:1 | Reached skill level 15 in Shields
 43594 | Vaults:2 | Found a staircase to the Crypt.
 43893 | Vaults:2 | Found a magical portal.
 43991 | WizLab   | Entered Wucad Mu's Monastery
 44241 | WizLab   | Found the +9 staff of Wucad Mu {channel}
 44375 | WizLab   | Reached XP level 23. HP: 148/148 MP: 38/38
 44694 | Vaults:2 | Found a glowing golden altar of the Shining One.
 45131 | Vaults:2 | Reached XP level 24. HP: 154/154 MP: 38/38
 45496 | Crypt:1  | Entered Level 1 of the Crypt
 46661 | Crypt:2  | Reached skill level 10 in Polearms
 46765 | Crypt:2  | Noticed Boris
 46780 | Crypt:2  | Killed Boris
 46793 | Crypt:2  | Reached skill level 17 in Fighting
 47344 | Crypt:3  | Entered Level 3 of the Crypt
 47614 | D:11     | Killed Tali's ghost
 47617 | D:11     | Killed Veedd's ghost
 47628 | D:11     | Killed denis1488's ghost
 47632 | D:11     | Killed tidbits's ghost
 47634 | D:11     | Killed NeonDemon's ghost
 48136 | Crypt:3  | Got a wavering sapphire amulet
 48143 | Crypt:3  | Identified the +9 demon trident of Immorality {elec, +Blink rElec Dex+4} (You found it on level 3 of the Crypt)
 48150 | Crypt:3  | Identified the amulet of the Priest {rElec Regen+} (You found it on level 3 of the Crypt)
 48405 | Crypt:3  | Found the +7 great mace "Undeadhunter" {disrupt, rN+}
 48679 | Crypt:3  | Reached XP level 25. HP: 156/160 MP: 38/38
 48845 | Crypt:3  | Found a staircase to the Tomb.
 48845 | Crypt:3  | Noticed an ancient lich
 48851 | Crypt:3  | Killed an ancient lich
 48858 | Tomb:1   | Entered Level 1 of the Tomb of the Ancients
 49005 | Crypt:3  | Found an ancient bone altar of Kikubaaqudgha.
 49027 | Crypt:3  | Noticed an ancient lich
 49037 | Crypt:3  | Killed an ancient lich
 50618 | Vaults:3 | Identified the amulet "Gauwesm" {+Rage rN+ MR+} (You found it on level 3 of the Vaults)
 50623 | Vaults:3 | Identified the Papyrus of Dislocated Transmutation
 50626 | Vaults:3 | Identified the +8 rapier "Ohosovil" {holy, rElec} (You found it on level 3 of the Vaults)
 51465 | Vaults:4 | Identified the Papyrus of Igneous Arcane Weapons
 51594 | Vaults:4 | Reached XP level 26. HP: 168/168 MP: 39/39
 51767 | Vaults:4 | Reached skill level 18 in Fighting
 52148 | Vaults:4 | Reached skill level 15 in Armour
 52165 | Vaults:4 | Reached skill level 15 in Invocations
 52514 | Vaults:4 | Noticed Xtahua
 52529 | Vaults:4 | Killed Xtahua
 52750 | Vaults:5 | Entered Level 5 of the Vaults
 53526 | Vaults:5 | Reached skill level 15 in Stealth
 53543 | Vaults:5 | Reached XP level 27. HP: 150/175 MP: 28/39
 54147 | Vaults:5 | Identified the +2 broad axe "Huoxtu Ivia" {chop, *Rage +Fly Str+4} (You took it off a vault sentinel on level 5 of the Vaults)
 54178 | Vaults:5 | Found Xateasch's Jewellery Emporium.
 54418 | Vaults:5 | Got a silver rune of Zot
 54890 | Orc:2    | Bought an embroidered scarf for 192 gold pieces
 54924 | Orc:2    | Bought a manual of Spellcasting for 1435 gold pieces
 54924 | Orc:2    | Bought a ration for 65 gold pieces
 54924 | Orc:2    | Bought a wand of acid (12) for 416 gold pieces
 54924 | Orc:2    | Bought a potion of might for 52 gold pieces
 54924 | Orc:2    | Bought a potion of cancellation for 104 gold pieces
 55042 | D:12     | Bought a phantom mirror for 390 gold pieces
 55042 | D:12     | Bought a wand of iceblast (5) for 117 gold pieces
 55042 | D:12     | Bought a phantom mirror for 390 gold pieces
 55042 | D:12     | Bought a wand of acid (9) for 338 gold pieces
 55042 | D:12     | Bought a wand of acid (3) for 182 gold pieces
 55078 | D:12     | Bought a potion of heal wounds for 75 gold pieces
 55078 | D:12     | Bought a potion of berserk rage for 75 gold pieces
 55078 | D:12     | Bought a potion of heal wounds for 75 gold pieces
 55078 | D:12     | Bought a potion of ambrosia for 120 gold pieces
 55078 | D:12     | Bought a potion of might for 60 gold pieces
 55210 | Depths:2 | Reached skill level 19 in Fighting
 55449 | Depths:2 | Found a blossoming altar of Fedhas.
 55519 | Depths:2 | Killed the Enchantress
 55719 | Depths:2 | Found a white marble altar of Elyvilon.
 56009 | Depths:2 | Identified the +5 pair of gloves of the Amoeba {Dex+2} (You acquired it on level 2 of the Depths)
 56141 | Depths:2 | Reached skill level 15 in Fire Magic
 56188 | Depths:2 | Found a glowing golden altar of the Shining One.
 56188 | Depths:2 | Found a gateway to a ziggurat.
 56255 | Depths:2 | Identified the +1 helmet of Pleasant Breezes {Slay+2} (You found it on level 2 of the Depths)
 56406 | Depths:2 | Found an ancient bone altar of Kikubaaqudgha.
 57013 | Depths:3 | Noticed Boris
 57036 | Depths:3 | Killed Boris
 57451 | Depths:3 | Paralysed by a Zot trap for 4 turns
 57723 | Depths:3 | Found a one-way gate leading to the halls of Pandemonium.
 57842 | Depths:4 | Noticed Frederick
 57847 | Depths:4 | Killed Frederick
 57971 | Depths:4 | You are sucked into a shaft!
 57971 | Depths:5 | Entered Level 5 of the Depths
 58804 | Depths:4 | Found the +7 Spriggan's Knife {MR+ EV+4 Dex+4 Stlth+}
 58864 | Depths:4 | Found a corrupted altar of Lugonu.
 58866 | Depths:4 | Found a one-way gate to the infinite horrors of the Abyss.
 59776 | Depths:5 | Found a gate to the Realm of Zot.
 60305 | Zot:1    | Entered Level 1 of the Realm of Zot
 60320 | Zot:1    | Noticed an orb of fire
 60559 | Zot:1    | Reached skill level 15 in Maces & Flails
 60585 | Zot:1    | Killed an orb of fire
 60718 | Depths:5 | Voluntarily entered the Abyss.
 61144 | Abyss:2  | Reached skill level 20 in Fighting
 61219 | Abyss:3  | Found a corrupted altar of Lugonu.
 61288 | Abyss:3  | Found a corrupted altar of Lugonu.
 61556 | Abyss:4  | Found a corrupted altar of Lugonu.
 61774 | Abyss:4  | Got an abyssal rune of Zot
 61980 | Abyss:4  | Paralysed by accursed screaming for 1 turns
 62235 | Abyss:4  | Gained mutation: Scrolls take you a little longer to read. [a neqoxec]
 62499 | Abyss:4  | Paralysed by accursed screaming for 1 turns
 62509 | Abyss:4  | Found a burning altar of Makhleb.
 62680 | Abyss:4  | Identified the +9 shortbow "Momu" {velocity, Int+5} (You found it on level 4 of the Abyss)
 62924 | Abyss:5  | Entered Level 5 of the Abyss
 63112 | Depths:5 | Escaped the Abyss
 63472 | Lair:3   | Killed Xerupn's ghost
 63549 | Slime:1  | Entered Level 1 of the Pits of Slime
 63787 | Slime:1  | Gained mutation: You tend to lose your temper in combat. [a shining eye]
 63790 | Slime:1  | Gained mutation: You are clumsy. (Dex -2) [a shining eye]
 64491 | Depths:2 | Lost mutation: You tend to lose your temper in combat. [potion of mutation]
 64491 | Depths:2 | Lost mutation: You are clumsy. (Dex -2) [potion of mutation]
 64491 | Depths:2 | Gained mutation: You can translocate small distances at will. [potion of mutation]
 64491 | Depths:2 | Gained mutation: You are partially covered in rugged brown scales. (AC +1, +3% HP) [potion of mutation]
 64491 | Depths:2 | Gained mutation: You have sharp toenails. [potion of mutation]
 64904 | Slime:1  | Reached skill level 15 in Spellcasting
 65331 | Slime:2  | Gained mutation: Your spells are a little easier to cast, but a little less powerful. [a shining eye]
 65590 | Slime:3  | Noticed Dissolution
 65605 | Slime:3  | Killed Dissolution
 65605 | Slime:3  | Reached skill level 15 in Polearms
 66300 | Slime:3  | Lost mutation: You can translocate small distances at will. [potion of mutation]
 66300 | Slime:3  | Lost mutation: Your spells are a little easier to cast, but a little less powerful. [potion of mutation]
 66300 | Slime:3  | Lost mutation: Scrolls take you a little longer to read. [potion of mutation]
 66300 | Slime:3  | Gained mutation: You are agile. (Dex +2) [potion of mutation]
 66300 | Slime:3  | Gained mutation: Your spells are a little harder to cast, but a little more powerful. [potion of mutation]
 66300 | Slime:3  | Gained mutation: You are somewhat resistant to further mutation. [potion of mutation]
 66793 | Slime:5  | Entered Level 5 of the Pits of Slime
 66846 | Slime:5  | Noticed the Royal Jelly
 66855 | Slime:5  | Killed the Royal Jelly
 67129 | Slime:5  | Was placed under penance by the Shining One
 67997 | Zot:1    | Reached skill level 15 in Conjurations
 68306 | Zot:2    | Identified the +10 battleaxe of Koaduc {chop, Int+4} (You found it on level 2 of the Realm of Zot)
 68400 | Zot:2    | Found a transporter.
 68402 | Zot:2    | Noticed Innyogim's ghost (veteran DDFi)
 68745 | Zot:2    | Found a transporter.
 68814 | Zot:3    | Noticed Menkoroxt's ghost (veteran DDFi)
 68820 | Zot:3    | Found a runed gate.
 68820 | Zot:3    | Found a runed gate.
 68820 | Zot:3    | Found a runed gate.
 68890 | Zot:3    | Was forgiven by the Shining One
 70537 | Slime:5  | Found the +0 sword of Power
 70549 | Slime:5  | Got a slimy rune of Zot
 70562 | Slime:5  | Learned a level 9 spell: Shatter
 70571 | Slime:5  | Identified the +11 trident "Gikh" {protect, rC+ Str+3} (You found it on level 5 of the Pits of Slime)
 70590 | Slime:5  | Identified Woiriapa's Reference Book on Protection
 70592 | Slime:5  | Identified Ummozxutoe's Compendium of the Jabberwock
 70594 | Slime:5  | Identified the Compendium of Poisonous Creation
 70624 | Slime:5  | Identified the +6 falchion of Deflation {slice, rElec MP+9 Stlth+} (You found it on level 5 of the Pits of Slime)
 70653 | Slime:5  | Identified the cursed ring of the Blind Eye {rN+ EV-2 Str+6} (You found it on level 5 of the Pits of Slime)
 71039 | Slime:5  | Paralysed by a floating eye for 4 turns
 71147 | Slime:4  | Gained mutation: You are frail. (-10% HP) [a shining eye]
 71173 | Slime:4  | Reached skill level 1 in Earth Magic
 71217 | Slime:4  | Paralysed by a floating eye for 3 turns
 73759 | Zot:4    | Noticed an orb of fire
 73770 | Zot:4    | Killed an orb of fire
 76494 | Pan      | Entered Pandemonium
 76764 | Pan      | Noticed Dauni the pandemonium lord
 76779 | Pan      | Killed Dauni the pandemonium lord
 77306 | Pan      | Noticed Pihuvuk the pandemonium lord
 77340 | Pan      | Reached skill level 5 in Earth Magic
 77345 | Pan      | Killed Pihuvuk the pandemonium lord
 77559 | Pan      | Reached skill level 21 in Fighting
 77593 | Pan      | Identified the +7 chain mail "Urixt" {-Tele rF+ Dex+4} (You found it in Pandemonium)
 77607 | Pan      | Found an exit through the horrors of the Abyss.
 78004 | Pan      | Entered the realm of Cerebov.
 78004 | Pan      | Noticed Cerebov
 78694 | Pan      | Identified the Guide on Fetching Transformation
 78711 | Pan      | Got a warped great sword
 78913 | Pan      | Killed Cerebov
 79206 | Pan      | Got a crude marble ring
 79480 | Pan      | Reached skill level 15 in Throwing
 79797 | Pan      | Reached skill level 15 in Evocations
 79805 | Pan      | Got a fiery rune of Zot
 79834 | Pan      | Got a bound glass ring
 79867 | Pan      | Got a slimy great mace
 80050 | Pan      | Noticed Fuxaodghod the pandemonium lord
 80058 | Pan      | Killed Fuxaodghod the pandemonium lord
 80118 | Pan      | Identified the ring of Qoenid {rF+ rN+ MR+ Slay+2 Stlth-} (You found it in Pandemonium)
 80904 | Pan      | Noticed Quenus the pandemonium lord
 80985 | Pan      | Killed Quenus the pandemonium lord
 81052 | Pan      | Found a runed door.
 81072 | Pan      | Got a demonic rune of Zot
 81320 | Pan      | Lost mutation: Your spells are a little harder to cast, but a little more powerful. [potion of mutation]
 81320 | Pan      | Lost mutation: You are frail. (-10% HP) [potion of mutation]
 81320 | Pan      | Lost mutation: You have sharp toenails. [potion of mutation]
 81320 | Pan      | Lost mutation: You are somewhat resistant to further mutation. [potion of mutation]
 81320 | Pan      | Gained mutation: Your magical capacity is low. (-10% MP) [potion of mutation]
 81320 | Pan      | Gained mutation: You have large cloven feet. [potion of mutation]
 81320 | Pan      | Gained mutation: You evolve. [potion of mutation]
 81335 | Pan      | Gained mutation: You expend magic power (3 MP) to strengthen your wands. [evolution]
 81445 | Pan      | Identified the ring of Reby {Wiz -Tele rF+++ rC+++ Dex-2} (You found it in Pandemonium)
 81541 | Pan      | Found a runed door.
 81542 | Pan      | Noticed Mennas
 81585 | Pan      | Killed Mennas
 82190 | Pan      | Noticed Kig Wysm the pandemonium lord
 82214 | Pan      | Killed Kig Wysm the pandemonium lord
 82259 | Pan      | Gained mutation: You are frail. (-10% HP) [a cacodemon]
 82314 | Pan      | Noticed Zesicahi the pandemonium lord
 82331 | Pan      | Killed Zesicahi the pandemonium lord
 82910 | Pan      | Identified the +5 pair of boots of the Ward {-Tele +Inv rElec MP+9} (You acquired it in Pandemonium)
 83194 | Pan      | Noticed Fosian the pandemonium lord
 83208 | Pan      | Killed Fosian the pandemonium lord
 83261 | Pan      | Got a heavily runed ivory ring
 83268 | Pan      | Identified the ring "Otelen" {Str+3 Int+5} (You found it in Pandemonium)
 83938 | Pan      | Found a transporter.
 83981 | Pan      | Found a transporter.
 84524 | Pan      | Gained mutation: Your magical capacity is very low. (-20% MP) [a cacodemon]
 84964 | Pan      | Identified the +9 plate armour of the Gravedigger {SInv} (You acquired it in Pandemonium)
 84978 | Pan      | Identified Rycel's Volume of Supportive Talismans
 84993 | Pan      | Got a coiled bone ring
 84999 | Pan      | Identified the ring "Foakhov" {*Tele rF++ rC-} (You found it in Pandemonium)
 85003 | Pan      | Got a wavering glass ring
 85063 | Pan      | Entered the realm of Mnoleg.
 85063 | Pan      | Noticed Mnoleg
 85068 | Pan      | Got a glowing rune of Zot
 85101 | Pan      | Killed Mnoleg
 85126 | Pan      | Gained mutation: You tend to lose your temper in combat. [a neqoxec]
 85210 | Pan      | Paralysed by a floating eye for 2 turns
 85218 | Pan      | Lost intelligence.
 85218 | Pan      | Gained mutation: Armour fits poorly on your strangely shaped body. [a shining eye]
 85222 | Pan      | Gained mutation: You are very frail. (-20% HP) [a shining eye]
 85385 | Pan      | Gained mutation: You occasionally shout uncontrollably at your foes. [a cacodemon]
 85616 | Pan      | Lost mutation: Your magical capacity is very low. (-20% MP) [a neqoxec]
 85631 | Pan      | Gained mutation: You are dopey. (Int -2) [a cacodemon]
 85752 | Pan      | Gained mutation: You are very dopey. (Int -4) [a cacodemon]
 85758 | Pan      | Gained mutation: You are weak. (Str -2) [a neqoxec]
 85810 | Pan      | Gained mutation: Your magical capacity is very low. (-20% MP) [a neqoxec]
 85812 | Pan      | Gained mutation: You are extremely frail. (-30% HP) [a neqoxec]
 85816 | Pan      | Gained mutation: Scrolls take you a little longer to read. [a neqoxec]
 85831 | Pan      | Gained mutation: You sometimes yell uncontrollably at your foes. [a neqoxec]
 85832 | Pan      | Gained mutation: Scrolls take you longer to read. [a neqoxec]
 86363 | Pan      | Noticed Ignacio
 86371 | Pan      | Killed Ignacio
 86585 | Pan      | Found an exit through the horrors of the Abyss.
 86730 | Pan      | Noticed Xeudot the pandemonium lord
 86751 | Pan      | Killed Xeudot the pandemonium lord
 86756 | Pan      | Gained mutation: Your magical capacity is extremely low. (-30% MP) [a neqoxec]
 86935 | Pan      | Reached skill level 10 in Earth Magic
 86980 | Depths:3 | Escaped Pandemonium
 87180 | D:11     | Bought a potion of mutation for 96 gold pieces
 87180 | D:11     | Bought a potion of lignification for 36 gold pieces
 87180 | D:11     | Bought a potion of lignification for 36 gold pieces
 87180 | D:11     | Bought a potion of lignification for 36 gold pieces
 87180 | D:11     | Lost mutation: You are extremely frail. (-30% HP) [potion of mutation]
 87180 | D:11     | Lost mutation: Scrolls take you longer to read. [potion of mutation]
 87180 | D:11     | Lost mutation: Scrolls take you a little longer to read. [potion of mutation]
 87180 | D:11     | Lost mutation: Your magical capacity is extremely low. (-30% MP) [potion of mutation]
 87180 | D:11     | Lost mutation: You are very dopey. (Int -4) [potion of mutation]
 87454 | Zot:3    | Lost mutation: You have large cloven feet. [potion of mutation]
 87454 | Zot:3    | Lost mutation: You expend magic power (3 MP) to strengthen your wands. [potion of mutation]
 87454 | Zot:3    | Gained mutation: Scrolls take you a little longer to read. [potion of mutation]
 87454 | Zot:3    | Gained mutation: You have large cloven feet. [potion of mutation]
 87455 | Zot:3    | Lost mutation: You tend to lose your temper in combat. [potion of mutation]
 87455 | Zot:3    | Lost mutation: Scrolls take you a little longer to read. [potion of mutation]
 87455 | Zot:3    | Lost mutation: You are very frail. (-20% HP) [potion of mutation]
 87455 | Zot:3    | Lost mutation: Armour fits poorly on your strangely shaped body. [potion of mutation]
 87455 | Zot:3    | Lost mutation: You sometimes yell uncontrollably at your foes. [potion of mutation]
 87455 | Zot:3    | Lost mutation: You evolve. [potion of mutation]
 87455 | Zot:3    | Gained mutation: Your flesh is heat resistant. (rF+) [potion of mutation]
 87612 | Pan      | Entered Pandemonium
 87729 | Pan      | Found an exit through the horrors of the Abyss.
 87864 | Pan      | Noticed Quufoka the pandemonium lord
 87876 | Pan      | Killed Quufoka the pandemonium lord
 88597 | Pan      | Identified the cursed ring of Summer {Dex-5 SInv} (You found it in Pandemonium)
 88600 | Pan      | Identified the +9 great mace of Ucleps {crush, Dex+3} (You found it in Pandemonium)
 88611 | Pan      | Noticed Caqudi the pandemonium lord
 88618 | Pan      | Killed Caqudi the pandemonium lord
 88999 | Pan      | Found an exit through the horrors of the Abyss.
 89114 | Pan      | Reached skill level 22 in Fighting
 89389 | Pan      | Entered the realm of Lom Lobon.
 89542 | Pan      | Found an exit through the horrors of the Abyss.
 90073 | Pan      | Noticed Lom Lobon
 90085 | Pan      | Killed Lom Lobon
 90168 | Pan      | Got a magical rune of Zot
 90345 | Pan      | Got a transparent sapphire amulet
 90346 | Pan      | Identified the amulet of the Countless Beggars {Spirit +Inv Str+4} (You found it in Pandemonium)
 90392 | Pan      | Found an exit through the horrors of the Abyss.
 90413 | Pan      | Noticed Zumeiwki the pandemonium lord
 90474 | Pan      | Killed from afar by a Brimstone Fiend

Skill      XL: |  1  2  3  4  5  6  7  8  9 10 11 12 13 14 15 16 17 18 19 20 21 22 23 24 25 26 27 |
---------------+----------------------------------------------------------------------------------+-----
Throwing       | 1 2 3 4 5 6 7 8 9 10 11 12 16 | 16.0
Spellcasting   | 1 2 3 4 5 6 7 8 9 10 11 12 17 | 17.8
Fighting       | 4 5 6 7 9 10 11 12 13 14 15 16 17 18 22 | 22.1
Maces & Flails | 3 4 5 6 7 8 9 10 11 12 13 18 | 18.8
Armour         | 4 5 6 7 8 9 10 11 12 13 14 15 19 | 19.2
Shields        | 4 5 6 7 9 10 11 12 13 14 15 16 19 | 19.9
Invocations    | 1 2 3 4 5 6 7 8 9 10 11 12 13 14 15 19 | 19.1
Evocations     | 2 3 4 5 6 7 8 9 10 11 12 16 | 16.0
Conjurations   | 1 5 6 7 8 9 10 11 12 17 | 17.4
Fire Magic     | 1 4 7 8 9 10 11 12 13 14 20 | 20.4
Stealth        | 3 5 6 7 8 10 11 12 13 15 20 | 20.1
Polearms       | 4 6 9 10 11 12 16 | 16.9
Earth Magic    | 10 | 10.9

Action                   |  1- 3 |  4- 6 |  7- 9 | 10-12 | 13-15 | 16-18 | 19-21 | 22-24 | 25-27 || total
-------------------------+-------+-------+-------+-------+-------+-------+-------+-------+-------++-------
Melee: Flail             |   123 |   200 |     9 |   241 |   878 |  1201 |   429 |       |       ||  3081
       Whip              |       |       |   272 |   546 |   264 |       |       |       |       ||  1082
       Mace              |       |       |       |       |       |       |   630 |       |       ||   630
       Lance             |       |       |       |       |       |       |   941 |  1054 |  4925 ||  6920
       Eveningstar       |       |       |       |       |       |       |       |   538 |  1461 ||  1999
       Great mace        |       |       |       |       |       |       |       |     6 |       ||     6
       Staff             |       |       |       |       |       |       |       |       |    74 ||    74
Throw: Stone             |     3 |    10 |     1 |       |       |       |       |       |       ||    14
       Tomahawk          |       |       |       |    36 |     5 |    20 |    93 |     2 |     4 ||   160
       Javelin           |       |       |       |     3 |       |       |     8 |    16 |   359 ||   386
 Cast: Flame Tongue      |       |       |       |       |    11 |     1 |     4 |       |       ||    16
       Throw Flame       |       |       |       |       |     3 |       |       |       |     8 ||    11
       Conjure Flame     |       |       |       |       |       |       |    10 |       |       ||    10
       Searing Ray       |       |       |       |       |       |       |     2 |       |     2 ||     4
       Fireball          |       |       |       |       |       |       |     1 |     5 |    28 ||    34
       Bolt of Fire      |       |       |       |       |       |       |       |       |    17 ||    17
Invok: Divine Shield     |       |       |       |     1 |       |     1 |     2 |       |     1 ||     5
       Cleansing Flame   |       |       |       |     3 |     4 |     8 |    29 |    24 |    72 ||   140
       Summon Divine War |       |       |       |     1 |     2 |     4 |    15 |     5 |    63 ||    90
 Abil: Evoke Berserk Rag |       |       |     3 |     9 |     7 |     2 |       |       |     1 ||    22
       Fly               |       |       |       |       |     1 |       |       |       |       ||     1
       Evoke Blink       |       |       |       |       |       |       |     1 |       |       ||     1
Evoke: Wand              |       |       |       |    18 |     1 |    14 |    27 |       |    35 ||    95
       Phial of floods   |       |       |       |     1 |     4 |     4 |     5 |     1 |    15 ||    30
       Lamp of fire      |       |       |       |       |       |       |     4 |     2 |    18 ||    24
       Phantom mirror    |       |       |       |       |       |       |     2 |       |     7 ||     9
       Box of beasts     |       |       |       |       |       |       |       |       |     9 ||     9
  Use: Scroll            |     4 |     5 |     8 |    17 |    12 |    12 |    22 |     8 |    69 ||   157
       Potion            |       |       |       |       |     1 |       |     2 |     1 |    15 ||    19
  Eat: Chunk             |     1 |     8 |     5 |    29 |    36 |    21 |    46 |    12 |    57 ||   215
       Ration            |       |       |     2 |       |     1 |     2 |     2 |     6 |    36 ||    49
Armor: Scale mail        |    74 |   101 |    89 |   224 |   532 |   384 |   918 |   591 |   968 ||  3881
       Troll leather arm |       |       |       |    18 |       |       |       |       |       ||    18
       Gold dragon scale |       |       |       |       |       |       |       |       |   695 ||   695
Dodge: Dodged            |    54 |    37 |    27 |    71 |   208 |   116 |   364 |   179 |   502 ||  1558
Block: Shield            |    75 |    19 |       |       |       |       |       |       |       ||    94
       Large shield      |       |   150 |   204 |   790 |  1426 |  1517 |  3194 |  2191 |  5717 || 15189
       Reflection        |       |       |       |       |       |    89 |   154 |   101 |   237 ||   581
